Map: Ciudad Esmeralda EE

Players

MrFercho

  • Race: Zerg Zerg
  • League: Silver
  • Spawn Location: 11:00

TATORREA

  • Race: Protoss Protoss
  • League: Silver
  • Spawn Location: 11:00

shp - Winner!

  • Race: Protoss Protoss
  • League: Silver
  • Spawn Location: 5:00

Fressian - Winner!

  • Race: Terran Terran
  • League: Gold
  • Spawn Location: 5:00

VOD

Have the link to the VOD?

Description

Time

  • Played on: May 21, 2020, 8:42 p.m.
  • Length: 7:28
Show
View Real Time Build Order
Export as new Build Order

MrFercho Zerg 

Build Orders: Pool First 

Get SALT Encoding   

  12  0:01  Drone  
  13  0:15  Overlord  
  13  0:17  Drone  
  14  0:34  Drone  
  14  0:35  Drone  
  16  0:41  Drone  
  17  0:55  Drone  
  18  1:14  Spawning Pool, Drone  
  18  1:15  Hatchery  
  18  1:17  Drone  
  18  1:21  Extractor  
  18  1:22  Drone  
  18  1:41  Drone  
  19  1:51  Drone  
  19  1:53  Drone  
  21  2:09  Extractor  
  21  2:15  Overlord  
  20  2:28  Drone  
  21  2:30  Drone  
  21  2:36  Hatchery  
  21  2:41  Baneling Nest  
  20  2:47  Drone x3  
  23  2:53  Metabolic Boost  
  23  3:01  Drone  
  24  3:06  Lair  
  24  3:12  Queen  
  24  3:14  Drone x3  
  24  3:16  Drone  
  31  3:27  Drone  
  31  3:28  Drone  
  31  3:32  Overlord  
  32  3:48  Queen  
  34  3:52  Drone  
  35  3:59  Zergling x4  
  35  4:02  Zergling x2  
  38  4:04  Zergling x2  
  37  4:24  Zergling x8  
  37  4:42  Spire  
  36  4:45  Drone  
  36  4:47  Zergling x2  
  36  4:48  Zergling x10  
  39  5:00  Zergling x2  
  39  5:01  Zergling x4  
  42  5:08  Baneling x7  
  42  5:09  Baneling  
  34  5:45  Zergling x2  
  34  5:46  Zergling x10  
  40  6:06  Baneling x8  
  40  6:07  Baneling x4  
  40  6:16  Baneling  
  40  6:17  Baneling x3  
  33  6:43  Mutalisk  
  33  6:44  Mutalisk x2  
  38  6:52  Extractor  
  37  6:54  Extractor  
Show
View Real Time Build Order
Export as new Build Order

TATORREA Protoss 

Build Orders:  

Get SALT Encoding   

  12  0:01  Probe  
  13  0:19  Probe  
  14  0:26  Pylon  
  14  0:31  Probe  
  15  0:44  Probe  
  16  0:56  Probe  
  17  1:00  Gateway  
  17  1:03  Gateway  
  17  1:05  Assimilator  
  17  1:08  Probe  
  18  1:21  Probe  
  18  1:25  Assimilator  
  19  1:33  Probe  
  20  1:45  Probe  
  21  1:54  Pylon  
  21  1:57  Pylon, Probe  
  21  2:00  Pylon  
  22  2:28  Cybernetics Core  
  22  2:29  Forge  
  22  2:44  Zealot  
  22  2:47  Nexus  
  24  3:17  Stargate  
  24  3:18  Stargate  
  24  3:21  Probe  
  25  3:34  Twilight Council  
  25  3:35  Probe  
  28  3:47  Probe  
  28  4:30  Protoss Ground Weapons Level 1  
  17  4:33  Warp Gate  
  13  5:01  Pylon  
  13  5:02  Oracle  
  10  5:08  Stalker  
  10  5:09  Pylon  
  10  5:34  Probe  
  11  5:46  Probe  
  12  5:58  Probe  
  12  6:01  Stalker x2  
  17  6:10  Probe  
  18  6:22  Probe  
  17  6:34  Probe  
Show
View Real Time Build Order
Export as new Build Order

shp Protoss - Winner!

Build Orders:  

Get SALT Encoding   

  12  0:02  Probe (Chrono Boost)  
  13  0:11  Probe (Chrono Boost)  
  14  0:18  Pylon  
  14  0:21  Probe  
  15  0:39  Gateway  
  15  0:45  Gateway  
  15  0:48  Probe  
  16  1:00  Probe (Chrono Boost)  
  17  1:05  Forge  
  17  1:12  Probe (Chrono Boost)  
  17  1:17  Assimilator  
  18  1:22  Probe (Chrono Boost)  
  18  1:23  Pylon  
  19  1:29  Zealot  
  21  1:34  Zealot  
  23  1:45  Cybernetics Core  
  23  1:47  Probe  
  24  2:00  Zealot  
  26  2:04  Probe  
  26  2:08  Assimilator  
  27  2:10  Zealot  
  29  2:20  Warp Gate (Chrono Boost)  
  29  2:21  Photon Cannon  
  29  2:26  Probe  
  30  2:40  Pylon  
  30  2:52  Probe  
  31  3:22  Twilight Council  
  32  3:27  Probe  
  32  3:30  Stalker, Nexus  
  32  3:32  Zealot  
  36  3:46  Robotics Facility  
  36  3:49  Pylon  
  36  4:46  Stalker  
  36  4:47  Stalker  
  36  4:51  Observer  
  42  5:00  Probe (Chrono Boost)  
  42  5:03  Assimilator  
  42  5:06  Pylon  
  42  5:10  Probe (Chrono Boost)  
  42  5:12  Dark Shrine  
  43  5:15  Probe (Chrono Boost)  
  44  5:26  Probe  
  44  5:27  Charge (Chrono Boost)  
  43  5:33  Zealot x2  
  41  6:04  Stalker  
  41  6:05  Stalker  
  41  6:07  Probe (Chrono Boost)  
  46  6:17  Probe (Chrono Boost), Observer  
  38  6:44  Dark Templar  
  38  6:45  Dark Templar  
  40  7:02  Gateway  
  40  7:06  Photon Cannon  
  40  7:20  Stalker x2  
  44  7:25  Assimilator  
Show
View Real Time Build Order
Export as new Build Order

Fressian Terran - Winner!

Build Orders:  

Get SALT Encoding   

  12  0:01  SCV  
  13  0:13  SCV  
  14  0:20  Supply Depot  
  14  0:33  SCV  
  14  0:34  Supply Depot  
  15  0:46  Barracks  
  15  1:00  Barracks  
  15  1:03  SCV  
  16  1:15  SCV  
  17  1:20  Engineering Bay  
  17  1:27  SCV  
  18  1:33  Marine  
  19  1:44  Refinery  
  19  1:45  Orbital Command  
  19  1:47  Marine  
  20  2:01  Marine  
  21  2:15  Marine  
  21  2:19  Marine  
  23  2:33  Marine  
  24  2:40  Marine  
  24  2:42  SCV  
  26  2:51  Marine  
  26  2:54  SCV  
  26  2:55  Factory  
  26  2:58  Marine  
  29  3:09  Marine  
  30  3:15  Marine  
  31  3:29  Refinery  
  31  3:36  Marine x2  
  33  3:46  Terran Infantry Weapons Level 1  
  33  3:48  Command Center  
  33  3:54  Marine x2  
  33  4:49  Marine x2  
  34  4:55  Factory Reactor  
  33  5:01  Barracks  
  33  5:02  SCV  
  34  5:07  Marine x2  
  36  5:14  SCV  
  37  5:25  Marine x2  
  28  5:41  Orbital Command  
  28  5:43  Marine x2  
  28  5:45  Refinery  
  28  5:48  Widow Mine x2  
  28  5:49  Barracks  
  34  6:00  Marine  
  34  6:01  Marine  
  37  6:07  Barracks Tech Lab  
  37  6:09  Widow Mine x2  
  40  6:11  Refinery  
  40  6:15  SCV  
  41  6:18  Marine x2  
  43  6:25  SCV  
  43  6:27  SCV  
  43  6:30  Widow Mine x2  
  49  6:36  Marine x2  
  49  6:38  SCV  
  49  6:50  SCV  
  48  7:02  SCV  
  48  7:14  SCV  
Tags
 
Add a new tag
Caveats
  • Supply blocks, unpowered buildings, or Contaminate may cause inaccurate times.
  • Supply counts are checked every 10 seconds.